NCAA
MISSISSIPPI STATE BULLDOGS @ VIRGINIA CAVALIERS
05/23/2023
 
TOP OF THE 1ST
Mississippi State Bulldogs batting - Pitching for Virginia Cavaliers : RHP Jimmy Love
Pitching: RHP Jimmy Love
Batting: RHB Irving Galloway 0-0: Called Strike
0-1: Called Strike
0-2: Foul Ball, location: 2F
0-2: Ground out 5-3 (Groundball, 56S)
Batting: SHB Manuel Gaona 0-0: Fly out, F3 (Popup, 3SF)
Batting: RHB Peter Griffith 0-0: Ball
1-0: Ball
2-0: Called Strike
2-1: Swinging Strike
2-2: SINGLE (Groundball, 4D)
Batting: RHB Werner Watkins 0-0: Ball
1-0: Called Strike
1-1: Foul Ball, location: 2F
1-2: Foul Ball, location: 2F
1-2: Ground out 4-3 (Groundball, 4)
Top of the 1st over - 0 run(s), 1 hit(s), 0 error(s), 1 left on base; Mississippi State 0 - Virginia 0
BOTTOM OF THE 1ST
Virginia Cavaliers batting - Pitching for Mississippi State Bulldogs : LHP Esteban Peña
Pitching: LHP Esteban Peña
Batting: LHB John Frost 0-0: Ball
1-0: Ball
2-0: Ball
3-0: Called Strike
3-1: Ball
Batting: RHB Rafael Ornelas 0-0: SINGLE (Line Drive, 6M)
John Frost to second
Batting: RHB John Warren 0-0: Ball
1-0: Foul Ball, location: 2F
1-1: Ball
2-1: SINGLE (Groundball, 34D)
John Frost to third
Rafael Ornelas to second
Runner from 3rd tries for Home, SAFE, no throw or cutoff
Batting: LHB José Márquez 0-0: Ball
1-0: Ball
2-0: Ball
3-0: Called Strike
3-1: Base on Balls
Rafael Ornelas to third
John Warren to second
Batting: RHB Ty Ford 0-0: Grounds into double play, 5-4-3 (Groundball, 56)
Rafael Ornelas scores
John Warren to third
Batting: RHB Jeremy Johnston 0-0: DOUBLE (Line Drive, 7LS)
John Warren scores
Batting: RHB Curt Owens 0-0: Foul Ball, location: 2F
0-1: Ground out 6-3 (Groundball, 6M)
Bottom of the 1st over - 3 run(s), 3 hit(s), 0 error(s), 1 left on base; Mississippi State 0 - Virginia 3
TOP OF THE 2ND
Mississippi State Bulldogs batting - Pitching for Virginia Cavaliers : RHP Jimmy Love
Batting: RHB Ken McDonald 0-0: Swinging Strike
0-1: Foul Ball, location: 2F
0-2: Ball
1-2: Strikes out swinging
Batting: RHB Steve Baird 0-0: Ball
1-0: Called Strike
1-1: Foul Ball, location: 2F
1-2: Ball
2-2: Ball
3-2: Foul Ball, location: 2F
3-2: Strikes out looking
Batting: RHB Dan Stephens 0-0: Ball
1-0: Ball
2-0: Ball
3-0: Ground out 6-3 (Groundball, 6M)
Top of the 2nd over - 0 run(s), 0 hit(s), 0 error(s), 0 left on base; Mississippi State 0 - Virginia 3
BOTTOM OF THE 2ND
Virginia Cavaliers batting - Pitching for Mississippi State Bulldogs : LHP Esteban Peña
Batting: RHB John Dorsey 0-0: Called Strike
0-1: Ball
1-1: Foul Ball, location: 2F
1-2: Fly out, F9 (Flyball, 9LM)
Batting: RHB Flynn Green 0-0: Ground out 5-3 (Groundball, 56)
Batting: LHB John Frost 0-0: Ball
1-0: Ball
2-0: Foul Ball, location: 2F
2-1: Foul Ball, location: 2F
2-2: Ground out 2-3 (Groundball, 23)
Bottom of the 2nd over - 0 run(s), 0 hit(s), 0 error(s), 0 left on base; Mississippi State 0 - Virginia 3
TOP OF THE 3RD
Mississippi State Bulldogs batting - Pitching for Virginia Cavaliers : RHP Jimmy Love
Batting: SHB Jesse Miller 0-0: Called Strike
0-1: Foul Ball, location: 2F
0-2: Ball
1-2: Ball
2-2: Ball
3-2: Base on Balls
Batting: RHB Norberto Reyes 0-0: Ball
Jesse Miller is caught stealing 2nd base
1-0: Ground out 3-1 (Groundball, 23)
Batting: RHB Irving Galloway 0-0: Called Strike
0-1: Ball
1-1: Foul Ball, location: 2F
1-2: Strikes out swinging
Top of the 3rd over - 0 run(s), 0 hit(s), 0 error(s), 0 left on base; Mississippi State 0 - Virginia 3
BOTTOM OF THE 3RD
Virginia Cavaliers batting - Pitching for Mississippi State Bulldogs : LHP Esteban Peña
Batting: RHB Rafael Ornelas 0-0: Foul Ball, location: 2F
0-1: Ball
1-1: Ball
2-1: SINGLE (Groundball, 4M)
Batting: RHB John Warren 0-0: Foul Ball, location: 2F
0-1: Ball
1-1: Called Strike
1-2: Fly out, F8 (Flyball, 8LM)
Batting: LHB José Márquez 0-0: Ball
1-0: Ball
2-0: Ball
3-0: Foul Ball, location: 2F
3-1: Base on Balls
Rafael Ornelas to second
Batting: RHB Ty Ford 0-0: Ball
1-0: Ball
2-0: Grounds into double play, 6-4-3 (Groundball, 6M)
Bottom of the 3rd over - 0 run(s), 1 hit(s), 0 error(s), 1 left on base; Mississippi State 0 - Virginia 3
TOP OF THE 4TH
Mississippi State Bulldogs batting - Pitching for Virginia Cavaliers : RHP Jimmy Love
Batting: SHB Manuel Gaona 0-0: DOUBLE (Groundball, 5L)
Batting: RHB Peter Griffith 0-0: Ball
1-0: Called Strike
1-1: Swinging Strike
1-2: Ball
2-2: Ball
3-2: Foul Ball, location: 2F
3-2: Foul Ball, location: 2F
3-2: SINGLE (Groundball, 6MD) (infield hit)
Manuel Gaona to third
Batting: RHB Werner Watkins 0-0: Ball
1-0: Swinging Strike
1-1: Foul Ball, location: 2F
1-2: Strikes out looking
Batting: RHB Ken McDonald 0-0: Ball
1-0: Ball
2-0: Ball
3-0: Called Strike
3-1: Base on Balls
Peter Griffith to second
Batting: RHB Steve Baird 0-0: Ball
1-0: Ball
2-0: Ball
3-0: Called Strike
3-1: SINGLE (Groundball, 34)
Manuel Gaona scores
Peter Griffith to third
Ken McDonald to second
Runner from 3rd tries for Home, SAFE, throw made home
Batting: RHB Dan Stephens 0-0: Ball
1-0: Ball
2-0: Foul Ball, location: 2F
2-1: Ball
3-1: Grounds into double play, 4-6-3 (Groundball, 4)
Top of the 4th over - 2 run(s), 3 hit(s), 0 error(s), 1 left on base; Mississippi State 2 - Virginia 3
BOTTOM OF THE 4TH
Virginia Cavaliers batting - Pitching for Mississippi State Bulldogs : LHP Esteban Peña
Batting: RHB Jeremy Johnston 0-0: Fly out, F8 (Flyball, 8LD)
Batting: RHB Curt Owens 0-0: Called Strike
0-1: Ball
1-1: Reached on error, E6 (Groundball, 6M)
Batting: RHB John Dorsey 0-0: Ball
1-0: Called Strike
1-1: Foul Ball, location: 2F
1-2: Foul Ball, location: 2F
1-2: Foul Ball, location: 2F
1-2: Strikes out swinging
Batting: RHB Flynn Green 0-0: Ball
1-0: Ball
2-0: Ball
3-0: Base on Balls
Batting: LHB John Frost 0-0: Called Strike
0-1: Ball
1-1: Foul Ball, location: 2F
1-2: Ball
2-2: Fly out, F7 (Flyball, 7M)
Bottom of the 4th over - 0 run(s), 0 hit(s), 1 error(s), 2 left on base; Mississippi State 2 - Virginia 3
TOP OF THE 5TH
Mississippi State Bulldogs batting - Pitching for Virginia Cavaliers : RHP Jimmy Love
Batting: SHB Jesse Miller 0-0: Ball
1-0: Foul Ball, location: 2F
1-1: Ball
2-1: Foul Ball, location: 2F
2-2: Ball
3-2: Foul Ball, location: 2F
3-2: Foul Ball, location: 2F
3-2: Foul Ball, location: 2F
3-2: Foul Ball, location: 2F
3-2: Base on Balls
Pitching: RHP Doug Caine
Batting: RHB Norberto Reyes 0-0: Ground out 5-3 (Groundball, 5L)
Jesse Miller to second
Batting: RHB Irving Galloway 0-0: Called Strike
0-1: Foul Ball, location: 2F
0-2: Ball
1-2: Foul Ball, location: 2F
1-2: Ground out 4-3 (Groundball, 4M)
Jesse Miller to third
Batting: SHB Manuel Gaona 0-0: Ball
1-0: Foul Ball, location: 2F
1-1: Ball
2-1: Fly out, F8 (Flyball, 9M)
Top of the 5th over - 0 run(s), 0 hit(s), 0 error(s), 1 left on base; Mississippi State 2 - Virginia 3
BOTTOM OF THE 5TH
Virginia Cavaliers batting - Pitching for Mississippi State Bulldogs : LHP Esteban Peña
Batting: RHB Rafael Ornelas 0-0: Fly out, F7 (Line Drive, 7M)
Batting: RHB John Warren 0-0: Ball
1-0: Called Strike
1-1: Ball
2-1: Foul Ball, location: 2F
2-2: Foul Ball, location: 2F
2-2: Ground out 6-3 (Groundball, 56)
Batting: LHB José Márquez 0-0: Ground out 4-3 (Groundball, 34)
Bottom of the 5th over - 0 run(s), 0 hit(s), 0 error(s), 0 left on base; Mississippi State 2 - Virginia 3
TOP OF THE 6TH
Mississippi State Bulldogs batting - Pitching for Virginia Cavaliers : RHP Doug Caine
Batting: RHB Peter Griffith 0-0: Ball
1-0: Fly out, F9 (Flyball, 9S)
Batting: RHB Werner Watkins 0-0: Ball
1-0: Swinging Strike
1-1: Called Strike
1-2: Foul Ball, location: 2F
1-2: Ball
2-2: Foul Ball, location: 2F
2-2: Strikes out looking
Batting: RHB Ken McDonald 0-0: Swinging Strike
0-1: Ball
1-1: Fly out, F7 (Flyball, 7M)
Top of the 6th over - 0 run(s), 0 hit(s), 0 error(s), 0 left on base; Mississippi State 2 - Virginia 3
BOTTOM OF THE 6TH
Virginia Cavaliers batting - Pitching for Mississippi State Bulldogs : LHP Esteban Peña
Batting: RHB Ty Ford 0-0: Called Strike
0-1: Called Strike
0-2: Strikes out swinging
Batting: RHB Jeremy Johnston 0-0: Ball
1-0: Foul Ball, location: 2F
1-1: Foul Ball, location: 2F
1-2: Ball
2-2: Strikes out swinging
Batting: RHB Curt Owens 0-0: Ball
1-0: Ball
2-0: Foul Ball, location: 2F
2-1: Ball
3-1: Base on Balls
Pitching: RHP Ernest Donovan
Batting: RHB John Dorsey 0-0: Called Strike
0-1: Foul Ball, location: 2F
0-2: Ball
1-2: Foul Ball, location: 2F
1-2: Ball
2-2: Ball
3-2: Strikes out swinging
Bottom of the 6th over - 0 run(s), 0 hit(s), 0 error(s), 1 left on base; Mississippi State 2 - Virginia 3
TOP OF THE 7TH
Mississippi State Bulldogs batting - Pitching for Virginia Cavaliers : RHP Doug Caine
Pitching: RHP Bill Ward
Batting: RHB Steve Baird 0-0: Called Strike
0-1: Fly out, F4 (Popup, 4)
Batting: RHB Dan Stephens 0-0: SINGLE (Groundball, 5L)
Pinch Hitting: RHB Tony Harris 0-0: Ball
1-0: Foul Ball, location: 2F
1-1: Swinging Strike
1-2: Fly out, F9 (Flyball, 89D)
Batting: RHB Norberto Reyes 0-0: Foul Ball, location: 2F
0-1: Ball
1-1: Foul Ball, location: 2F
1-2: Ball
2-2: Fly out, F4 (Popup, 34S)
Top of the 7th over - 0 run(s), 1 hit(s), 0 error(s), 1 left on base; Mississippi State 2 - Virginia 3
BOTTOM OF THE 7TH
Virginia Cavaliers batting - Pitching for Mississippi State Bulldogs : RHP Ernest Donovan
Now at 3B: Larry Beauregard
Batting: RHB Flynn Green 0-0: Called Strike
0-1: Ball
1-1: Ball
2-1: Ball
3-1: SINGLE (Groundball, 5)
Batting: LHB John Frost 0-0: Bunted foul
0-1: Bunted foul
0-2: SINGLE (Groundball, 34D)
Flynn Green to second
Runner from 2nd tries for 3rd, SAFE, no throw or cutoff
Batting: RHB Rafael Ornelas 0-0: Ball
1-0: Foul Ball, location: 2F
1-1: Ball
2-1: Swinging Strike
2-2: Foul Ball, location: 2F
2-2: Strikes out looking
Batting: RHB John Warren 0-0: Swinging Strike
0-1: Called Strike
0-2: Ball
1-2: Foul Ball, location: 2F
1-2: Ball
2-2: Grounds into double play, 5-4-3 (Groundball, 56)
Bottom of the 7th over - 0 run(s), 2 hit(s), 0 error(s), 1 left on base; Mississippi State 2 - Virginia 3
TOP OF THE 8TH
Mississippi State Bulldogs batting - Pitching for Virginia Cavaliers : RHP Bill Ward
Pitching: RHP Sergio Chávez
Batting: RHB Irving Galloway 0-0: Ball
1-0: Fly out, F7 (Flyball, 78S)
Batting: SHB Manuel Gaona 0-0: Called Strike
0-1: Called Strike
0-2: Strikes out swinging
Batting: RHB Peter Griffith 0-0: Called Strike
0-1: Ball
1-1: Foul Ball, location: 2F
1-2: Foul Ball, location: 2F
1-2: Ground out 6-3 (Groundball, 6M)
Top of the 8th over - 0 run(s), 0 hit(s), 0 error(s), 0 left on base; Mississippi State 2 - Virginia 3
BOTTOM OF THE 8TH
Virginia Cavaliers batting - Pitching for Mississippi State Bulldogs : RHP Ernest Donovan
Batting: LHB José Márquez 0-0: Ball
1-0: Ball
2-0: Foul Ball, location: 2F
2-1: Called Strike
2-2: Foul Ball, location: 2F
2-2: Strikes out swinging
Batting: RHB Ty Ford 0-0: Called Strike
0-1: Called Strike
0-2: SINGLE (Flyball, 8RS)
Batting: RHB Jeremy Johnston 0-0: Foul Ball, location: 2F
0-1: Ball
1-1: Reached on error, E1 (Groundball, 15)
Ty Ford to second
Pitching: RHP Steve Newman
Batting: RHB Curt Owens 0-0: Called Strike
0-1: Called Strike
0-2: Ball
1-2: Strikes out looking
Batting: RHB John Dorsey 0-0: SINGLE (Popup, 4MD)
Ty Ford to third
Jeremy Johnston to second
Runner from 3rd tries for Home, SAFE, no throw or cutoff
Pinch Hitting: RHB David Crosby 0-0: Called Strike
0-1: Ball
1-1: Ball
2-1: Foul Ball, location: 2F
2-2: Ball
3-2: Base on Balls
Jeremy Johnston to third
John Dorsey to second
Batting: LHB John Frost 0-0: Ball
1-0: Ball
2-0: Ball
3-0: Called Strike
3-1: Base on Balls
Jeremy Johnston scores
John Dorsey to third
David Crosby to second
Batting: RHB Rafael Ornelas 0-0: Ball
1-0: Fly out, F2 (Popup, 2RF)
Bottom of the 8th over - 2 run(s), 2 hit(s), 1 error(s), 3 left on base; Mississippi State 2 - Virginia 5
TOP OF THE 9TH
Mississippi State Bulldogs batting - Pitching for Virginia Cavaliers : RHP Sergio Chávez
Pitching: RHP Cal Baldwin
Now at C: David Carter
Now at 2B: Jeff Land
Batting: RHB Werner Watkins 0-0: Ball
1-0: Called Strike
1-1: Foul Ball, location: 2F
1-2: SINGLE (Groundball, 4MS)
Batting: RHB Ken McDonald 0-0: Ball
1-0: Ball
2-0: Ball
3-0: Base on Balls
Werner Watkins to second
Batting: RHB Steve Baird 0-0: Ball
1-0: Ball
2-0: Ground out 5-3 (Groundball, 5S)
Werner Watkins to third
Ken McDonald to second
Batting: RHB Dan Stephens 0-0: Swinging Strike
0-1: Ball
1-1: Ball
2-1: Ball
3-1: Base on Balls
Batting: RHB Larry Beauregard 0-0: Called Strike
0-1: Fly out, F6 (Popup, 6MS)
Batting: RHB Norberto Reyes 0-0: Fly out, F9 (Flyball, 89M)
Top of the 9th over - 0 run(s), 1 hit(s), 0 error(s), 3 left on base; Mississippi State 2 - Virginia 5
This league is powered by Out of the Park Baseball, the baseball management simulation game for PC, Mac and Linux
Wednesday, December 2nd, 2015 - OOTP Baseball 16.8 Build 38